 Dungeon Crawl Stone Soup version 0.29.1-12-g30fa7ad0bf (webtiles) character file.

Game seed: 2495623494630270977

59 RapScallion the Covered (level 4, 0/35 HPs)
             Began as a Human Fighter on Jan 17, 2023.
             Slain by Sigmund
             ... wielding a +1 scythe of protection
              (7 damage)
             ... on level 2 of the Dungeon.
             The game lasted 00:07:06 (2535 turns).

RapScallion the Covered (Human Fighter)             Turns: 2535, Time: 00:07:07

Health: 0/35       AC:  7    Str: 18    XL:     4   Next: 22%
Magic:  4/4        EV:  9    Int:  8    God:
Gold:   80         SH:  5    Dex: 13    Spells: 3/3 levels left

rFire   . . .      SeeInvis .   a - +0 war axe
rCold   . . .      Faith    .   c - +0 buckler
rNeg    . . .      Spirit   .   b - +0 scale mail
rPois   .          Reflect  .   (no helmet)
rElec   .          Harm     .   (no cloak)
rCorr   .          Rampage  .   (no gloves)
Will    .....                   (no boots)
Stlth   ..........              (no amulet)
HPRegen 0.11/turn               (no ring)
MPRegen 0.09/turn               (no ring)

@: mighty
A: no striking features
a: no special abilities


You were on level 2 of the Dungeon.
You visited 1 branch of the dungeon, and saw 2 of its levels.

You collected 80 gold pieces.

Inventory:

Hand Weapons
 a - a +0 war axe (weapon)
 h - a +1 short sword of protection
Armour
 b - a +0 scale mail (worn)
 c - a +0 buckler (worn)
Wands
 n - a wand of roots (4)
Scrolls
 f - a scroll of amnesia {unknown}
 g - a scroll of enchant armour {unknown}
 i - 2 scrolls of identify {unknown}
 k - a scroll of blinking {unknown}
Potions
 e - a potion of degeneration {unknown}
 j - a potion of berserk rage {unknown}
 l - 2 potions of heal wounds {unknown}
 m - a potion of haste {unknown}


   Skills:
 + Level 3.2 Fighting
 + Level 2.6 Axes
 + Level 3.7 Armour
 + Level 0.1 Stealth
 + Level 3.5 Shields


You had 3 spell levels left.
You didn't know any spells.
Your spell library contained the following spells:

 Spells                   Type           Power      Damage    Failure   Level
 Conjure Flame            Conj/Fire      0%         6-21      99%         3
 Ignite Poison            Fire/Tmut/Pois 0%         N/A       99%         3
 Sticky Flame             Conj/Fire      0%         2d3       100%        4


Dungeon Overview and Level Annotations

Branches:
Dungeon (2/15)

Altars:

Annotations:
D:2 Sigmund


Message History

You see here a +0 club.
Found an ivory wand.
n - a wand of roots (4)
Found an escape hatch in the floor.
A frilled lizard comes into view.
The frilled lizard hisses angrily.
Sigmund the Dreaded comes into view.
He is wielding a +1 scythe of protection and wearing a +1 robe of positive energy.
Sigmund shouts!
You slash the frilled lizard!
You kill the frilled lizard!
Sigmund casts a spell.
Sigmund flickers and vanishes!
Deactivating autopickup; reactivate with Ctrl-A.
You feel very mighty all of a sudden. Something hits you.
You barely miss something. Something hits you!
You miss something. You slash something! Something hits you.
You barely miss something. Something hits you but does no damage.
A dart slug comes into view.
You slash something! Something hits you but does no damage.
You miss something. Something hits you.
You closely miss something. Something hits you.
The dart slug launches a dart at you. The slug dart hits you.
You miss something. You block something's attack.
The dart slug launches a dart at you.
The slug dart hits something but does no damage.
You hit something.
You hear some strange, mumbled words.
Something tries to affect you, but you resist.
You hit something.
You hear some strange, mumbled words.
A puff of flame appears from out of thin air!
The puff of flame hits you!
* * * LOW HITPOINT WARNING * * *
The dart slug launches a dart at you.
The slug dart hits you but does no damage.
Something hits you!
You die...

##########
##############........#.
........................
###.....................
......>.........@{......
###.##########..........
##..# #.....w...# #..##
#####.#.#.# ..## #####
.#.#.# ..# #...# .. .
..# #...# #. ..# #...#
## .#######...#


You could see a dart slug.

Vanquished Creatures
  2 adders (D:2)
  A worm (D:2)
  A dart slug (D:1)
  5 ball pythons
  3 endoplasms
  2 giant cockroaches (D:2)
  5 goblins
  4 hobgoblins
  2 bats (D:1)
  4 frilled lizards
  5 kobolds
  2 rats (D:2)
36 creatures vanquished.

Vanquished Creatures (others)
  A plant (D:1)
1 creature vanquished.

Grand Total: 37 creatures vanquished

Notes
Turn   | Place    | Note
-------+----------+-------------------------------------------
     0 | D:1      | RapScallion the Human Fighter began the quest for the Orb.
     0 | D:1      | Reached XP level 1. HP: 18/18 MP: 1/1
   283 | D:1      | Reached XP level 2. HP: 17/24 MP: 2/2
   643 | D:1      | Found a faded altar of an unknown god.
  1356 | D:2      | Reached XP level 3. HP: 29/29 MP: 3/3
  2119 | D:2      | Reached XP level 4. HP: 35/35 MP: 4/4
  2519 | D:2      | Noticed Sigmund
  2535 | D:2      | Slain by Sigmund

Illustrated notes

Levels and vault maps discovered:
D:1:      eino_arrival_water_cross, layout_loops_corners,
          dreamdust_ecumenical_altar_statues, hex_medium
D:2:      layout_basic, uniq_sigmund

Action                   |  1- 3 |  4- 6 || total
-------------------------+-------+-------++-------
Melee: War axe           |    96 |    16 ||   112
  Use: Potion            |       |     1 ||     1
Armor: Scale mail        |    39 |     7 ||    46
Dodge: Dodged            |    36 |     2 ||    38
Block: Buckler           |    24 |     1 ||    25
